 Dungeon Crawl Stone Soup version 0.21.1-1-g345015f (webtiles) character file.

95 VLARC the Skirmisher (level 4, 0/24 HPs)
             Began as a Vine Stalker Warper on Mar 22, 2018.
             Killed by nerve-wracking pain
             ... invoked by Grinder
              (11 damage)
             ... on level 3 of the Dungeon.
             The game lasted 00:04:52 (2101 turns).

VLARC the Skirmisher (Vine Stalker Warper)          Turns: 2101, Time: 00:04:53

Health: 0/24       AC:  5    Str: 14    XL:     4   Next: 65%
Magic:  0/8        EV: 11    Int: 14    God:
Gold:   122        SH:  0    Dex: 13    Spells: 5/7 levels left

rFire    . . .     SeeInvis .   a - +0 falchion
rCold    . . .     Gourm    .   (no shield)
rNeg     . . .     Faith    .   b - +0 leather armour
rPois    .         Spirit   +   k - +0 helmet
rElec    .         Reflect  .   (no cloak)
rCorr    .         Harm     .   i - +0 pair of gloves
MR       .....                  (no boots)
Stlth    +.........             (no amulet)
HPRegen  0.48/turn              (no ring)
MPRegen  0.11/turn              (no ring)

@: no status effects
A: fangs 2, regeneration 1, magic shield, antimagic bite, no potion heal 3, rot
immunity
a: no special abilities


You were on level 3 of the Dungeon.
You were not hungry.

You visited 1 branch of the dungeon, and saw 3 of its levels.

You collected 122 gold pieces.

Inventory:

Hand Weapons
 a - a +0 falchion (weapon)
Missiles
 e - 5 tomahawks of dispersal (quivered)
Armour
 b - a +0 leather armour (worn)
 i - a +0 pair of gloves (worn)
 k - a +0 helmet (worn)
Jewellery
 s - an uncursed ring of ice
Scrolls
 d - a scroll of blinking
 l - a scroll of immolation {unknown}
 m - a scroll of amnesia
 n - 3 scrolls of identify
 q - a scroll of teleportation
Potions
 g - a potion of berserk rage
 h - 2 potions of resistance
 j - 2 potions of curing
 p - a potion of might {unknown}
 r - a potion of brilliance {unknown}
 t - a potion of heal wounds {unknown}
Books
 c - a book of Spatial Translocations

   Spells                             Type                      Level
   a - Blink                          Translocation                2
   b - Shroud of Golubria             Charms/Translocation         2
   c - Lesser Beckoning               Translocation                3
   d - Gell's Gravitas                Translocation                3
   e - Teleport Other                 Translocation                3
   f - Passage of Golubria            Translocation                4
Comestibles
 f - 2 rations


   Skills:
 + Level 3.2 Fighting
 + Level 3.2 Long Blades
 - Level 0.8 Throwing
 - Level 0.7 Armour
 - Level 1.5 Dodging
 - Level 2.1 Spellcasting
 - Level 3.0 Translocations


You had 5 spell levels left.
You knew the following spells:

 Your Spells              Type           Power        Failure   Level  Hunger
a - Blink                 Tloc           N/A          13%         2    ###....


Dungeon Overview and Level Annotations

Branches:
Dungeon (3/15)

Altars:
Qazlal

Annotations:
D:3 Grinder


Innate Abilities, Weirdness & Mutations

You have extremely sharp teeth.
Your natural rate of healing is unusually fast.
When hurt, damage is shared between your health and your magic reserves.
Your bite disrupts and absorbs the magic of your enemies.
Potions cannot restore your health.
You are immune to rotting.


Message History

Grinder closely misses you.
You hit Grinder. You bite Grinder, but do no damage.
Grinder is heavily wounded.
Grinder drinks a potion.
Grinder is healed!
You closely miss Grinder. Your bite misses Grinder.
Grinder is moderately wounded.
Grinder closely misses you.
Grinder says, "I used to sell toenails on the black market."
Grinder hits you.
You closely miss Grinder. You bite Grinder, but do no damage.
Grinder is moderately wounded.
Grinder hits you!
You writhe in agony.
You hit Grinder. You bite Grinder, but do no damage.
Grinder is heavily wounded.
Grinder blinks!
You start resting.
You start resting.
Grinder gestures at you. Pain shoots through your body!
You die...

#.# # #.# #.#.# #
#5#.##.# #......#
#5# ###)####
#....>.# #@#.##.#
#.#.##.# #.#.##.#
#.#.##.# #.#.##.#
#......# ###.####
##.#####.#
.........###########


You could see Grinder.

Vanquished Creatures
  Terence (D:2)
  A worm (D:2)
  A dart slug (D:1)
  6 leopard geckos
  15 bats
  3 giant cockroaches
  6 goblins
  5 hobgoblins
  2 jackals (D:3)
  A quokka (D:2)
  3 frilled lizards (D:2)
  5 kobolds
  11 rats
60 creatures vanquished.

Vanquished Creatures (others)
  A kobold (D:2)
1 creature vanquished.

Grand Total: 61 creatures vanquished

Notes
Turn   | Place    | Note
-------+----------+-------------------------------------------
     0 | D:1      | VLARC the Vine Stalker Warper began the quest for the Orb.
     0 | D:1      | Reached XP level 1. HP: 11/11 MP: 4/4
   388 | D:1      | Reached XP level 2. HP: 15/15 MP: 6/6
   878 | D:1      | Reached XP level 3. HP: 19/19 MP: 7/7
  1252 | D:1      | Learned a level 2 spell: Blink
  1675 | D:2      | Noticed Terence
  1694 | D:2      | Killed Terence
  1694 | D:2      | Gained mutation: Your natural rate of healing is unusually fast. [Vine Stalker growth]
  1694 | D:2      | Reached XP level 4. HP: 9/24 MP: 5/8
  1743 | D:2      | Found a stormy altar of Qazlal.
  2072 | D:3      | Noticed Grinder
  2075 | D:3      | Paralysed by Grinder for 5 turns
  2101 | D:3      | Killed from afar by Grinder

Skill      XL: |  1  2  3 |
---------------+----------+-----
Fighting       | 2 3 |  3.2
Long Blades    | 2 3 |  3.2
Throwing       | |  0.8
Armour         | |  0.7
Dodging        | |  1.5
Spellcasting   | |  2.1
Translocations | |  3.0

Action                   |  1- 3 |  4- 6 || total
-------------------------+-------+-------++-------
Melee: Falchion          |   119 |    56 ||   175
       Bite              |    30 |    18 ||    48
  Use: Scroll            |     6 |       ||     6
 Stab: Sleeping          |       |     1 ||     1
  Eat: Chunk             |     3 |     1 ||     4
Armor: Leather armour    |    35 |    18 ||    53
Dodge: Dodged            |    74 |    30 ||   104
       Rpst.: Falchion   |    24 |     8 ||    32
